 Dungeon Crawl Stone Soup version 0.30.1-9-gdf580d7c3d (webtiles) character file.

Game seed: 2471401160534834292

68971 Drachen the Carver (level 14, -10/118 HPs)
             Began as a Demigod Gladiator on Oct 15, 2023.
             Killed from afar by an oklob plant (27 damage)
             ... with a splash of acid
             ... on level 5 of the Lair of Beasts on Oct 18, 2023.
             The game lasted 01:50:10 (27861 turns).

Drachen the Carver (Demigod Gladiator)             Turns: 27861, Time: 01:50:10

Health: -10/118    AC: 16    Str: 25    XL:     14   Next: 47%
Magic:  34/34      EV: 20    Int: 10    God:
Gold:   1026       SH:  9    Dex: 27    Spells: 12/23 levels left

rFire   . . .        V - +2 scimitar (flame)
rCold   . . .        L - +1 buckler {AC+3}
rNeg    . . .        q - +3 ring mail "Orunuoc" {rPois MP+9}
rPois   +            c - +0 helmet
rElec   .            R - +2 cloak
rCorr   .            x - +1 pair of gloves
SInv    .            e - +3 pair of seven-league boots {Rampage+∞}
Will    +....        b - amulet of magic regeneration
Stlth   +            Y - +6 ring of strength
HPRegen 0.39/turn    U - +4 ring of protection
MPRegen 0.64/turn

%: rampage+∞
@: about to teleport, corroded
A: high MP 1, forlorn, divine attributes
a: no special abilities


You were on level 5 of the Lair of Beasts.
You visited 2 branches of the dungeon, and saw 18 of its levels.

You collected 1291 gold pieces.
You spent 265 gold pieces at shops.

Inventory:

Hand Weapons
 a - a +3 great sword of holy wrath
 M - a +2 long sword of freezing
 V - a +2 scimitar of flaming (weapon)
Missiles
 y - 4 javelins
 J - 67 poisoned darts
 X - 5 silver javelins
 Z - 4 curare-tipped darts
Armour
 c - a +0 helmet (worn)
 e - the +3 pair of seven-league boots (worn) {Rampage+∞}
   (You acquired it on level 4 of the Lair of Beasts)

   Rampage+∞: When moving toward enemies, its wearer moves as far as possible,
   alerting their target en route.
 q - the +3 ring mail "Orunuoc" (worn) {rPois MP+9}
   (You found it on level 2 of the Dungeon)

   rPois:     It protects you from poison.
   MP:        It affects your magic capacity (+9).
 x - a +1 pair of gloves (worn)
 I - a scarf of repulsion
 L - a +1 buckler of protection (worn)
 R - a +2 cloak (worn)
Jewellery
 b - an amulet of magic regeneration (around neck)
 k - a ring of protection from cold
 G - a ring of willpower
 O - a ring of positive energy
 U - a +4 ring of protection (right hand)
 W - a ring of protection from fire
 Y - a +6 ring of strength (left hand)
Wands
 d - a wand of mindburst (11) (quivered)
 m - a wand of digging (14)
 z - a wand of quicksilver (5)
 B - a wand of roots (13)
Scrolls
 i - 4 scrolls of poison
 j - 3 scrolls of silence
 l - 6 scrolls of magic mapping
 o - 3 scrolls of torment {unknown}
 r - 4 scrolls of enchant armour
 s - a scroll of fog
 t - 6 scrolls of teleportation
 A - 2 scrolls of fear {unknown}
 F - 2 scrolls of brand weapon {unknown}
 H - 3 scrolls of enchant weapon {unknown}
 N - a scroll of butterflies
 P - 2 scrolls of blinking
 S - 4 scrolls of noise {unknown}
Potions
 f - a potion of experience {unknown}
 g - a potion of might
 h - 6 potions of brilliance
 n - a potion of cancellation
 p - 3 potions of resistance
 u - 4 potions of flight
 v - 4 potions of heal wounds
 w - 11 potions of curing
 C - a potion of invisibility {unknown}
 D - a potion of magic {unknown}
 E - a potion of mutation {unknown}
 K - 4 potions of ambrosia {unknown}
 Q - a potion of haste


   Skills:
 - Level 9.0 Fighting
 + Level 11.8 Long Blades
 - Level 5.0 Throwing
 - Level 9.0 Armour
 + Level 10.2 Dodging
 - Level 8.0 Shields
 - Level 5.0 Spellcasting
 - Level 7.0 Hexes
 + Level 8.0 Necromancy
 - Level 3.0 Evocations


You had 12 spell levels left.
You knew the following spells:

 Your Spells              Type           Power      Damage    Failure   Level
a - Confusing Touch       Hex            16%        N/A       6%          3
b - Vampiric Draining     Necr           18%        2d7       4%          3
c - Necrotise             Necr           72%        1d7       1%          1
d - Dispel Undead         Necr           18%        3d11      14%         4

Your spell library contained the following spells:

 Spells                   Type           Power      Damage    Failure   Level
 Kiss of Death            Conj/Necr      40%        2d8       8%          1
 Inner Flame              Hex/Fire       9%         N/A       26%         3
 Agony                    Necr           18%        N/A       36%         5
 Fulminant Prism          Conj/Hex       4%         3d5       65%         4
 Ozocubu's Armour         Ice            2%         N/A       75%         3
 Volatile Blastmotes      Fire/Tloc      4%         2d10      75%         3
 Yara's Violent Unravell  Hex/Tmut       4%         3d4       94%         5
 Iskenderun's Mystic Bla  Conj/Tloc      2%         2d3       98%         4
 Fireball                 Conj/Fire      1%         3d3       100%        5
 Iskenderun's Battlesphe  Conj           2%         2d6       100%        5
 Lee's Rapid Deconstruct  Erth           1%         3d4*      100%        5
 Conjure Ball Lightning   Conj/Air       1%         3x3d6     100%        6
 Enfeeble                 Hex            8%         N/A       100%        7
 Orb of Destruction       Conj           1%         9d5       100%        7
 Ozocubu's Refrigeration  Ice            1%         4d7       100%        7
 Discord                  Hex            8%         N/A       100%        8
 Disjunction              Tloc           1%         N/A       100%        8


Dungeon Overview and Level Annotations

Branches:
Dungeon (14/15)            Temple (0/1) D:6            Lair (5/5) D:10
 Spider (0/4) Lair:2        Slime (0/5) Lair:5          Orc (0/2) D:12
 Vaults (0/5) D:14
  Swamp: Lair:2-3    Shoals: Lair:2-3

Shops:
D:4 ?!   D:5 =   D:6 *   D:11 [

Annotations:
D:4 3 runed translucent doors, Chiseanne's ghost, amateur DsWn
Lair:5 exclusion: 4 oklob plants


Innate Abilities, Weirdness & Mutations

You have an increased reservoir of magic. (+10% MP)
You shall have no god before yourself.
Your divine heritage dramatically boosts your attributes as you level up.


Message History

The oklob plant spits acid at you. The splash of acid misses you.
The oklob plant spits acid at you. You block the splash of acid.
You stride towards the oklob plant!
Found Maxwell's Memoranda.
You hit the oklob plant but do no damage.
The oklob plant spits acid at you. The splash of acid hits you!
You hit the oklob plant. You burn the oklob plant.
The oklob plant is lightly damaged.
The oklob plant spits acid at you. The splash of acid misses you.
You slash the oklob plant! You burn the oklob plant.
The oklob plant is moderately damaged.
You slash the oklob plant! You burn the oklob plant.
The oklob plant is heavily damaged.
The oklob plant spits acid at you.
The splash of acid hits you but does no damage.
The acid corrodes you! The oklob plant spits acid at you.
The splash of acid hits you!
You slash the oklob plant! You burn the oklob plant.
The oklob plant is severely damaged.
The oklob plant spits acid at you. The splash of acid hits you!!
As you read the scroll of teleportation, it crumbles to dust.
You feel strangely unstable. The oklob plant spits acid at you.
The splash of acid hits you!! The acid corrodes you!
You hit the oklob plant but do no damage.
The oklob plant is severely damaged.
The oklob plant spits acid at you. The splash of acid hits you!!
* * * LOW HITPOINT WARNING * * *
The acid corrodes you! The oklob plant spits acid at you.
The splash of acid misses you. The oklob plant spits acid at you.
The splash of acid hits you!!
You die...

.#........................
###P...........#....[......
##.......................
##.....##..P.............
##.#...####.........P.....
#.#.....# #....(...P!.P...
##......####.......PP....:
##.........#.......PP.....
##.......#......@..........
#.#..(..##.................
####..####.................
#..### #.................
##..#.# ##..............P.
#.....# #..........#..##..
##..P..###........####... .
.#..####......#.### ...#
...## ##..#...## .#.


You could see 4 oklob plants.

Vanquished Creatures
  A fire dragon (D:14)
  The ghost of heartgrenade the Fighter, a journeyman MiBe of Trog (D:10)
  2 catoblepae (Lair:5)
  3 boulder beetles
  6 hydras
  4 centaur warriors (D:14)
  15 death yaks
  4 tengu warriors
  A fire crab (shapeshifter) (D:13)
  2 skysharks (Lair:5)
  The ghost of ang3lsp1der the Transmogrifier, a novice FeSu of Gozag (Lair:1)
  Pikel (D:8)
  2 lindwurms (Lair:5)
  A wolf spider (Lair:2)
  An ugly thing (D:14)
  3 deep elf pyromancers (D:12)
  An oklob plant (D:10)
  2 cyclopes
  5 manticores
  4 black mambas
  32 elephants
  Maurice (D:8)
  3 gargoyles
  A torpor snail (Lair:1)
  2 unseen horrors
  4 komodo dragons
  12 cane toads
  An unseen horror zombie (D:7)
  4 rime drakes
  4 tengu conjurers
  An efreet (D:14)
  A polar bear (Lair:2)
  4 trolls
  Grinder (D:3)
  8 dream sheep
  9 slime creatures
  A culicivora (Lair:2)
  A jumping spider (shapeshifter) (D:14)
  A jumping spider (Lair:2)
  3 wyverns
  3 wraiths
  28 yaks
  Eustachio (D:4)
  6 basilisks
  5 vampire mosquitoes
  2 steam dragons
  A redback (Lair:2)
  3 acid dragons
  10 water moccasins
  Duvessa (D:6)
  2 black bears
  5 orc warriors
  A hornet zombie (D:7)
  A swamp drake (Lair:4)
  An ice beast (D:8)
  2 sky beasts (D:7)
  6 wolves (Lair:2)
  An ogre (D:4)
  7 centaurs
  Blork the orc (D:6)
  9 kobold brigands
  A lemure (D:8)
  10 bullfrogs
  A gnoll sergeant (D:4)
  A scorpion (D:6)
  A wyvern zombie (D:7)
  A water moccasin zombie (D:7)
  5 wights
  Dowan (D:6)
  5 killer bees (D:8)
  6 howler monkeys
  2 centaur zombies (D:7)
  A bullfrog zombie (D:7)
  3 hounds
  4 jellies
  4 orc priests
  A gnoll bouda (D:2)
  5 iguanas
  2 sleepcaps
  A hell rat (Lair:5)
  11 orc wizards
  2 howler monkey zombies (D:7)
  12 gnolls
  12 adders
  2 white imps
  3 worms
  4 dart slugs
  43 orcs
  7 ball pythons
  7 bats
  7 endoplasms
  3 giant cockroaches
  6 goblins
  10 hobgoblins
  4 jackals (D:1)
  7 quokkas
  5 frilled lizards
  66 kobolds
  9 rats
  A butterfly (Lair:5)
526 creatures vanquished.

Vanquished Creatures (others)
  An orc wizard (D:6)
  2 kobolds (D:9)
3 creatures vanquished.

Grand Total: 529 creatures vanquished

Notes
Turn   | Place    | Note
-------+----------+-------------------------------------------
     0 | D:1      | Drachen the Demigod Gladiator began the quest for the Orb.
     0 | D:1      | Reached XP level 1. HP: 17/17 MP: 3/3
   201 | D:1      | Reached skill level 3 in Long Blades
   236 | D:1      | Reached skill level 1 in Shields
   281 | D:1      | Reached XP level 2. HP: 23/24 MP: 4/4
   776 | D:1      | Reached XP level 3. HP: 29/29 MP: 5/5
  1348 | D:2      | Identified the +3 ring mail "Orunuoc" {rPois MP+9}
  1587 | D:2      | Reached XP level 4. HP: 15/36 MP: 6/6
  1835 | D:2      | Reached skill level 4 in Long Blades
  2607 | D:3      | Noticed Grinder
  2619 | D:3      | Reached XP level 5. HP: 41/41 MP: 7/7
  2626 | D:3      | Paralysed by Grinder for 3 turns
  2640 | D:3      | Killed Grinder
  2641 | D:3      | Reached skill level 5 in Long Blades
  2641 | D:3      | Reached XP level 6. HP: 25/48 MP: 8/8
  3288 | D:3      | Reached skill level 6 in Long Blades
  3510 | D:4      | Found a runed translucent gate.
  3510 | D:4      | Found a runed translucent gate.
  3510 | D:4      | Found a runed translucent gate.
  3511 | D:4      | Noticed Chiseanne's ghost (amateur DsWn)
  3529 | D:4      | Found Poploho's Magic Scroll Shoppe.
  3537 | D:4      | Bought a scroll of teleportation for 30 gold pieces
  3537 | D:4      | Bought a scroll of enchant armour for 75 gold pieces
  3537 | D:4      | Bought a scroll of identify for 20 gold pieces
  3756 | D:4      | HP: 2/48 [orc/+0 flail (4)]
  4001 | D:4      | Reached XP level 7. HP: 55/55 MP: 9/9
  4009 | D:4      | Found Sirph's Distillery.
  4071 | D:4      | Bought a potion of heal wounds for 70 gold pieces
  4120 | D:4      | Reached skill level 1 in Armour
  4564 | D:4      | Reached skill level 7 in Long Blades
  5632 | D:5      | Entered Level 5 of the Dungeon
  5632 | D:5      | Noticed Eustachio
  5806 | D:4      | Killed Eustachio
  5985 | D:5      | Found Ohoc's Jewellery Shop.
  6173 | D:5      | Reached XP level 8. HP: 63/63 MP: 10/10
  7091 | D:6      | Noticed Duvessa
  7091 | D:6      | Noticed Dowan
  7101 | D:6      | Killed Dowan
  7105 | D:6      | Killed Duvessa
  7821 | D:6      | Found a staircase to the Ecumenical Temple.
  7835 | D:6      | Found Teopp's General Store.
  7844 | D:6      | Bought a potion of heal wounds for 70 gold pieces
  7849 | D:6      | Noticed Blork the orc
  7861 | D:6      | Killed Blork the orc
  8160 | D:6      | Learned a level 3 spell: Confusing Touch
  8237 | D:7      | Reached XP level 9. HP: 63/72 MP: 12/12
  8354 | D:7      | Reached skill level 1 in Hexes
  8462 | D:7      | Reached skill level 5 in Dodging
  8500 | D:7      | Reached skill level 8 in Long Blades
  8525 | D:7      | Reached skill level 1 in Spellcasting
  8822 | D:7      | Reached skill level 5 in Shields
  9436 | D:8      | Reached skill level 5 in Fighting
  9628 | D:8      | Noticed Maurice
 10184 | D:8      | Killed Maurice
 10522 | D:8      | Noticed Pikel
 10539 | D:8      | Killed Pikel
 10540 | D:8      | Reached XP level 10. HP: 73/81 MP: 16/16
 11092 | D:9      | Reached skill level 5 in Armour
 12254 | D:9      | Learned a level 3 spell: Vampiric Draining
 12256 | D:9      | Learned a level 1 spell: Necrotise
 12344 | D:10     | Entered Level 10 of the Dungeon
 12423 | D:10     | Found a staircase to the Lair.
 12423 | D:10     | Noticed an oklob plant
 12581 | D:10     | Found a runed translucent door.
 12581 | D:10     | Noticed heartgrenade's ghost (journeyman MiBe)
 13395 | D:10     | Killed heartgrenade's ghost
 13396 | D:10     | Reached skill level 1 in Necromancy
 13537 | D:10     | HP: 4/124 [troll (10)]
 13540 | D:10     | Reached skill level 9 in Long Blades
 13828 | D:11     | Reached XP level 11. HP: 66/89 MP: 20/20
 14077 | D:11     | Found Gorrusk's Armour Shoppe.
 15549 | D:12     | Noticed a boulder beetle
 15551 | D:12     | Noticed a deep elf pyromancer
 15568 | D:12     | Killed a deep elf pyromancer
 15586 | D:12     | Killed a boulder beetle
 15587 | D:12     | Reached skill level 5 in Throwing
 15856 | D:12     | Found a staircase to the Orcish Mines.
 16207 | D:12     | Noticed a deep elf pyromancer
 16225 | D:12     | Killed a deep elf pyromancer
 16523 | D:12     | Noticed a boulder beetle
 16537 | D:12     | Killed a boulder beetle
 17126 | D:12     | Reached skill level 5 in Hexes
 17238 | D:12     | Noticed a deep elf pyromancer
 17255 | D:12     | Killed a deep elf pyromancer
 17505 | D:13     | Noticed a fire crab
 17516 | D:13     | Killed a fire crab
 17584 | D:13     | Noticed a tengu warrior
 17597 | D:13     | Killed a tengu warrior
 17849 | D:13     | Noticed a tengu warrior
 17849 | D:13     | Noticed a tengu warrior
 17890 | D:12     | Killed a tengu warrior
 18068 | D:13     | Killed a tengu warrior
 18069 | D:13     | Reached XP level 12. HP: 65/100 MP: 23/23
 18194 | D:13     | Noticed a boulder beetle
 18714 | D:13     | Reached skill level 5 in Spellcasting
 19011 | D:13     | Killed a boulder beetle
 19140 | D:14     | Noticed a centaur warrior
 19148 | D:14     | Killed a centaur warrior
 19262 | D:14     | Noticed a centaur warrior
 19269 | D:14     | Killed a centaur warrior
 19358 | D:14     | Noticed a centaur warrior
 19367 | D:14     | Killed a centaur warrior
 19787 | D:14     | Reached skill level 10 in Long Blades
 19924 | D:14     | Noticed a catoblepas
 20184 | D:14     | Noticed a centaur warrior
 20193 | D:14     | Killed a centaur warrior
 20344 | D:14     | Noticed a fire dragon
 20394 | D:14     | Killed a fire dragon
 20491 | D:14     | Found a gate to the Vaults.
 20544 | D:14     | Noticed a centaur warrior
 20929 | Lair:1   | Entered Level 1 of the Lair of Beasts
 21182 | Lair:1   | Reached skill level 5 in Necromancy
 21769 | Lair:1   | Reached XP level 13. HP: 91/107 MP: 24/24
 21990 | Lair:1   | Found a runed translucent gate.
 21990 | Lair:1   | Found a runed translucent gate.
 21991 | Lair:1   | Found a runed translucent gate.
 22364 | Lair:1   | Noticed ang3lsp1der's ghost (novice FeSu)
 22592 | Lair:1   | Killed ang3lsp1der's ghost
 22788 | Lair:1   | Identified the +1 leather armour "Nafeng" {Will+}
 22980 | Lair:2   | Learned a level 4 spell: Dispel Undead
 23574 | Lair:2   | Found a hole to the Spider Nest.
 23768 | Lair:2   | You fall into a shaft and drop 2 floors!
 24271 | Lair:4   | Identified a scroll of acquirement
 24271 | Lair:4   | Acquired the +3 pair of seven-league boots {Rampage+∞}
 24271 | Lair:4   | Found the +3 pair of seven-league boots {Rampage+∞}
 25130 | Lair:5   | Entered Level 5 of the Lair of Beasts
 25582 | Lair:5   | Found a staircase to the Slime Pits.
 25633 | Lair:5   | Reached skill level 11 in Long Blades
 26020 | Lair:5   | Reached XP level 14. HP: 75/118 MP: 25/25
 26025 | Lair:5   | Reached skill level 1 in Evocations
 27013 | Lair:5   | Reached skill level 10 in Dodging
 27861 | Lair:5   | Killed from afar by an oklob plant

Illustrated notes

Levels and vault maps discovered:
D:1:      lemuel_arrival_funnel, layout_loops_corners
D:2:      minmay_recursive_quarters, layout_basic, minmay_cut_off
D:3:      layout_basic, nicolae_sif_muna_condensation, kennysheep_nondescript,
          minivault_11, st_stairs_3, minivault_24, kennysheep_small_spiral,
          uniq_grinder
D:4:      minmay_goblin_kobold_castle, layout_gridville,
          nemelex_xobeh_ov_fountains_minmay, evilmike_ruin_ashenzari,
          gammafunk_ghost_necromancy, serial_shops,
          nicolae_shop_just_a_little_nook, nicolae_shop_window_shopping,
          minmay_misc_feat_more_columns
D:5:      lemuel_ice_spiral_2, layout_rooms, serial_shops,
          nicolae_shop_tiny_glass, st_stairs_6, saegor_snake_ambush,
          uniq_eustachio
D:6:      layout_basic, nicolae_overflow_two_pavilions, temple_green,
          serial_shops, nicolae_square_shop, chequers_serial_rivers_small_b,
          kb_lookout_dungeons_type, uniq_duvessa, uniq_blork_the_orc
D:7:      layout_loops_cross, mainiacjoe_overflow_24_doors, serial_undead,
          serial_undead_a, serial_undead_d, serial_undead_f, serial_undead_b
D:8:      layout_cave_pods, nicolae_ru_sacrificial_ziggurat,
          mainiacjoe_overflow_alcove_2, uniq_pikel, uniq_maurice
D:9:      layout_cave_pools, lemuel_crystal_altar, serial_rivers,
          chequers_serial_rivers_micro_e, chequers_serial_rivers_large_b,
          chequers_serial_rivers_large_a, chequers_serial_rivers_micro_c,
          chequers_serial_rivers_micro_c, chequers_serial_rivers_micro_a,
          nrook_uturn
D:10:     layout_basic, mainiacjoe_overflow_alcove_4, dpeg_oklobed_lair,
          gammafunk_ghost_grave
D:11:     layout_roguey, serial_shops, shop
D:12:     layout_gridville, david_orc_5
D:13:     layout_irregular_city
D:14:     layout_basic, david_vaults_4, palyth_stone_intersect,
          nicolae_twisting_strands
Lair:1:   layout_regular_city, gammafunk_ghost_ooze
Lair:2:   layout_layer_cave, skrybe_swamp_entry_bodies,
          spider_nest_entry_funnel_web
Lair:4:   layout_small_grid
Lair:5:   hangedman_lair_in_review, layout_layer_cave, guppyfry_lair_end_dragon,
          slime_entry_1, dpeg_oklob_1, serial_bayou_shore_b,
          lemuel_fruit_fields, serial_bayou_shore_b

Skill      XL: |  1  2  3  4  5  6  7  8  9 10 11 12 13 14 |
---------------+-------------------------------------------+-----
Long Blades    | 3 4 5 6 7 8 9 10 11 | 11.8
Shields        | 1 2 3 4 5 6 7 8 |  8.0
Fighting       | 2 3 4 5 6 7 8 9 |  9.0
Armour         | 2 3 4 5 6 7 8 9 |  9.0
Dodging        | 3 4 5 6 7 8 9 10 | 10.2
Throwing       | 2 3 4 5 |  5.0
Hexes          | 2 4 5 6 7 |  7.0
Spellcasting   | 2 3 4 5 |  5.0
Necromancy     | 1 3 5 6 8 |  8.0
Evocations     | 3 |  3.0

Action                     |  1- 3 |  4- 6 |  7- 9 | 10-12 | 13-15 || total
---------------------------+-------+-------+-------+-------+-------++-------
  Melee: Long sword        |   159 |   177 |   471 |   835 |   222 ||  1864
         Scimitar          |       |       |   170 |   108 |   579 ||   857
         Punch             |       |       |       |     1 |       ||     1
         Great sword       |       |       |       |       |    23 ||    23
  Throw: Throwing net      |     3 |     3 |     6 |     1 |       ||    13
         Javelin           |       |     1 |     2 |     8 |       ||    11
         Dart              |       |       |       |    38 |     5 ||    43
   Cast: Confusing Touch   |       |       |     5 |     5 |     4 ||    14
         Necrotise         |       |       |       |     4 |    11 ||    15
         Vampiric Draining |       |       |       |     2 |    38 ||    40
  Evoke: Wand              |       |       |     6 |     7 |     3 ||    16
    Use: Potion            |       |     2 |       |     4 |     1 ||     7
         Scroll            |       |     7 |     2 |     8 |     5 ||    22
   Stab: Held in net/web   |     1 |       |       |     2 |       ||     3
         Distracted        |       |     1 |       |       |       ||     1
         Sleeping          |       |       |     1 |       |     1 ||     2
         Confused          |       |       |       |    11 |     3 ||    14
         Petrified         |       |       |       |       |    12 ||    12
         Petrifying        |       |       |       |       |     2 ||     2
 Armour: Ring mail         |    65 |    86 |   291 |   564 |   429 ||  1435
         Skin              |       |       |       |    31 |       ||    31
  Dodge: Dodged            |    73 |    94 |   423 |   760 |   680 ||  2030
         Repelled          |       |       |     4 |       |       ||     4
  Block: Buckler           |    22 |    49 |   216 |   336 |   369 ||   992
